 Dungeon Crawl Stone Soup version 0.23.2-40-g277498a001 (webtiles) character file.

Game seed: 12134712686887177171

74 BinkBink the Poker (level 4, -1/33 HPs)
             Began as a Demonspawn Gladiator on Aug 16, 2019.
             Slain by Natasha (7 damage)
             ... on level 2 of the Dungeon.
             The game lasted 00:02:08 (1125 turns).

BinkBink the Poker (Demonspawn Gladiator)           Turns: 1125, Time: 00:02:11

Health: -1/33      AC:  4    Str: 12 (14) XL:     4   Next: 10%
Magic:  4/4        EV: 13    Int:  8 (9)  God:
Gold:   111        SH:  0    Dex: 15 (16) Spells: 3/3 levels left

rFire    . . .     SeeInvis .   a - +0 trident
rCold    . . .     Gourm    .   (no shield)
rNeg     . . .     Faith    .   b - +0 leather armour
rPois    .         Spirit   .   c - +0 helmet
rElec    .         Reflect  .   (no cloak)
rCorr    .         Harm     .   (no gloves)
MR       .....                  (no boots)
Stlth    +.........             (no amulet)
HPRegen  0.11/turn              (no ring)
MPRegen  0.09/turn              (no ring)

@: no status effects
A: powered by pain 2, rot immunity
a: no special abilities


You were on level 2 of the Dungeon.
You were very hungry.

You visited 1 branch of the dungeon, and saw 2 of its levels.

You collected 111 gold pieces.

Inventory:

Hand Weapons
 a - a +0 trident (weapon)
Missiles
 d - 3 throwing nets (quivered)
Armour
 b - a +0 leather armour (worn)
 c - a +0 helmet (worn)
Scrolls
 e - a scroll of magic mapping {unknown}
 g - 2 scrolls of remove curse {unknown}
 h - a scroll of teleportation {unknown}
 i - a scroll of random uselessness {unknown}
 k - a scroll of identify {unknown}
 o - a scroll of amnesia {unknown}
Potions
 m - a potion of curing {unknown}
Comestibles
 f - 5 rations


   Skills:
 + Level 2.2 Fighting
 + Level 3.7 Polearms
 + Level 2.0 Throwing
 + Level 0.7 Armour
 + Level 3.1 Dodging
 + Level 0.5 Stealth


You had 3 spell levels left.
You didn't know any spells.
Your spell library was empty.

Dungeon Overview and Level Annotations

Branches:
Dungeon (2/15)

Altars:

Annotations:
D:2 Natasha, Robin


Innate Abilities, Weirdness & Mutations

You sometimes gain power by taking damage.
You are immune to rotting.


Message History

You resist with some effort.
You hit Natasha.
Natasha is almost dead.
The crimson imp disappears in a puff of smoke!
The goblin hits you. The white imp puffs mist at you. Natasha claws you!
You miss Natasha.
Natasha is almost dead.
The goblin hits you.
* * * LOW HITPOINT WARNING * * *
Natasha claws you.
* * * LOW HITPOINT WARNING * * *
It was a potion of degeneration.
There was something very wrong with that liquid.
You feel weakened.
You feel dopey.
You feel clumsy.
You are feeling very hungry.
The white imp disappears in a puff of smoke!
The goblin closely misses you. Natasha claws you!
You die...

.g#.### ## ......# ##. ## #. #.
...# #.. . ###. #. #).# #.# #.
#... #.##..# #.# #. #.## #..#..#
#.# #.. ##.## #.#g.### #.# #.###
#...# #...g$.## #g# #...####...#
###..g....#### #@# ###.##.....#
##......g....# #h# #.#..#####
......>(...#.###g# ##..<.###
##.........#..##g# ##..>#...###
[......†...##.##g#####..#####..#.
##....†..g.##g.ggg..)............
#.......gggg...§.5....#######...
##.........#..##.#...............
..........<##.##.#..........#)..#


You could see Robin, Natasha, a hobgoblin and 5 goblins.

Vanquished Creatures
  An adder (D:2)
  An ooze (D:1)
  A worm (D:2)
  3 dart slugs
  2 leopard geckos
  3 giant cockroaches (D:1)
  10 goblins
  7 hobgoblins
  4 jackals
  4 kobolds (D:1)
  A bat (D:1)
  4 frilled lizards
  7 rats
48 creatures vanquished.

Notes
Turn   | Place    | Note
-------+----------+-------------------------------------------
     0 | D:1      | BinkBink the Demonspawn Gladiator began the quest for the
                  | Orb.
     0 | D:1      | Reached XP level 1. HP: 16/16 MP: 1/1
   165 | D:1      | Gained mutation: You sometimes gain a little power by
                  | taking damage. [demonic ancestry]
   165 | D:1      | Reached XP level 2. HP: 22/22 MP: 2/2
   286 | D:1      | You fall through a shaft!
   342 | D:1      | Gained mutation: You sometimes gain power by taking damage.
                  | [demonic ancestry]
   342 | D:1      | Reached XP level 3. HP: 21/27 MP: 3/3
  1077 | D:2      | Noticed Robin
  1078 | D:2      | Gained mutation: You are immune to rotting. [demonic
                  | ancestry]
  1078 | D:2      | Reached XP level 4. HP: 30/33 MP: 4/4
  1098 | D:2      | Noticed Natasha
  1099 | D:2      | HP: 1/33 [Natasha/magic dart (7)]
  1125 | D:2      | Slain by Natasha

Skill      XL: |  1  2 |
---------------+-------+-----
Throwing       | 2 |  2.0
Polearms       | 3 |  3.7
Dodging        | 3 |  3.1
Fighting       | |  2.2
Armour         | |  0.7
Stealth        | |  0.5

Action                   |  1- 3 |  4- 6 || total
-------------------------+-------+-------++-------
Melee: Trident           |   144 |    18 ||   162
  Use: Potion            |       |     3 ||     3
 Stab: Sleeping          |     4 |       ||     4
Armor: Leather armour    |    36 |     4 ||    40
Dodge: Dodged            |    86 |    12 ||    98
